 Dungeon Crawl Stone Soup version 0.26.0-18-gc5c842f807 (webtiles) character file.

Game seed: 10967197866914840206

1924 howech the Skirmisher (level 8, -9/70 HPs)
             Began as a Minotaur Monk on Jan 22, 2021.
             Was a Priest of Cheibriados.
             Mangled by a gnoll
             ... wielding a +0 halberd
              (12 damage)
             ... on level 7 of the Dungeon.
             The game lasted 00:15:23 (7169 turns).

howech the Skirmisher (Minotaur Monk)               Turns: 7169, Time: 00:15:24

Health: -9/70      AC:  4    Str: 21    XL:     8   Next: 96%
Magic:  9/9        EV: 16    Int: 13    God:    Cheibriados [***...]
Gold:   357        SH:  0    Dex: 22    Spells: 5/9 levels left

rFire    . . .     SeeInvis .   v - +2 flail (vorpal)
rCold    . . .     Faith    .   (no shield)
rNeg     . . .     Spirit   .   i - +1 leather armour
rPois    .         Reflect  .   (helmet restricted)
rElec    .         Harm     .   (no cloak)
rCorr    .         Rampage  .   (no gloves)
Will     .....                  (no boots)
Stlth    ++........             (no amulet)
HPRegen  0.21/turn              (no ring)
MPRegen  0.11/turn              (no ring)

@: very slow
A: retaliatory headbutt, horns 2
a: Renounce Religion, Bend Time, Temporal Distortion


You were on level 7 of the Dungeon.
You worshipped Cheibriados.
Cheibriados was most pleased with you.
You visited 1 branch of the dungeon, and saw 7 of its levels.

You collected 357 gold pieces.

Inventory:

Hand Weapons
 p - a +0 spear
 t - the +2 long sword of Extremism {venom, Will++ Str-5}
   (You found it on level 5 of the Dungeon)

   It poisons the flesh of those it strikes.
   It affects your strength (-5).
   It affects your willpower, your defense against some magical effects.
 v - a +2 vorpal flail (weapon)
 y - a +4 spear
 B - a +5 spear of freezing
Missiles
 n - 5 poisoned darts
 s - 7 boomerangs (quivered)
Armour
 a - a +0 robe
 i - a +1 leather armour (worn)
 u - a +0 ring mail
Jewellery
 r - an uncursed ring of resist corrosion
Wands
 o - a wand of random effects (9)
Scrolls
 c - a scroll of remove curse
 d - a scroll of amnesia
 f - 6 scrolls of identify
 g - a scroll of teleportation
 w - a scroll of summoning {unknown}
 x - a scroll of enchant weapon {unknown}
 A - a scroll of enchant armour
Potions
 b - a potion of mutation {unknown}
 e - a potion of cancellation {unknown}
 h - a potion of flight {unknown}
 j - a potion of brilliance {unknown}
 k - 3 potions of curing {unknown}
 l - 5 potions of heal wounds {unknown}
 m - a potion of might {unknown}
 q - a potion of ambrosia {unknown}
 z - a potion of magic {unknown}


   Skills:
 - Level 6.1 Fighting
 * Level 4.5 Maces & Flails
 + Level 3.3 Throwing
 - Level 4.7 Armour
 - Level 5.7 Dodging
 - Level 1.5 Stealth
 - Level 5.7 Unarmed Combat
 + Level 1.3 Spellcasting
 + Level 1.5 Ice Magic
 + Level 2.5 Invocations
 + Level 3.0 Evocations


You had 5 spell levels left.
You knew the following spells:

 Your Spells              Type           Power        Failure   Level
a - Frozen Ramparts       Ice            8%           45%         3
b - Freeze                Ice            16%          17%         1

Your spell library contained the following spells:

 Spells                   Type           Power        Failure   Level
 Magic Dart               Conj           0%           30%         1
 Searing Ray              Conj           0%           43%         2
 Ozocubu's Armour         Ice            4%           45%         3
 Dazzling Flash           Conj/Hex       0%           67%         3
 Hailstorm                Conj/Ice       2%           92%         4
 Summon Ice Beast         Ice/Summ       2%           92%         4
 Fulminant Prism          Conj/Hex       0%           97%         4
 Iskenderun's Mystic Bla  Conj/Tloc      0%           97%         4


Dungeon Overview and Level Annotations

Branches:
Dungeon (7/15)
 Temple: D:4-7

Altars:
Ashenzari
Cheibriados
Dithmenos
Kikubaaqudgha
Vehumet
Zin
The Shining One

Shops:
D:7 *

Annotations:
D:4 Edmund


Innate Abilities, Weirdness & Mutations

You reflexively headbutt those who attack you in melee.
You have a pair of horns on your head.


Message History

A hound comes into view.
The gnoll sergeant hits you from afar with a +0 spear.
* * * LOW HITPOINT WARNING * * *
The hound barks!
You hear a shout!
The hound barely misses you. You furiously retaliate!
You headbutt the hound. The hound completely misses you.
You furiously retaliate!
You headbutt the hound! The hound completely misses you.
You furiously retaliate!
You headbutt the hound!
You kill the hound!
Cheibriados appreciates the change of pace.
You can now warp the flow of time around you.
The gnoll sergeant hits you from afar with a +0 spear.
* * * LOW HITPOINT WARNING * * *
There is a stone staircase leading up, spattered with blood here.
Unknown command.
The gnoll sergeant completely misses you.
The gnoll hits you from afar with a +0 halberd!
You die...

############
#.)@.......#
#...†......#
#...gg.....#
##z##.######
#g.#g#
.#+#.#
.##..+∩'.#
..#.##'###
... #..#


You could see a gnoll sergeant, a wight and 3 gnolls.

Vanquished Creatures
  Grinder (D:4)
  2 sky beasts
  An ogre (D:7)
  A phantom (D:5)
  A centaur (D:6)
  A bullfrog (D:6)
  4 scorpions
  7 wights
  4 hounds
  3 orc priests
  2 jellies
  2 iguanas
  3 orc wizards (D:3)
  5 worker ants
  2 hound skeletons
  8 adders
  An adder skeleton (D:5)
  An adder zombie (D:7)
  A worm (D:2)
  2 dart slugs
  3 leopard geckos
  17 orcs
  2 ball pythons (D:3)
  4 bats
  7 giant cockroaches
  10 goblins
  7 hobgoblins
  6 jackals
  12 kobolds
  4 quokkas
  A ball python skeleton (D:6)
  4 frilled lizards
  A leopard gecko zombie (D:6)
  9 rats
139 creatures vanquished.

Notes
Turn   | Place    | Note
-------+----------+-------------------------------------------
     0 | D:1      | howech the Minotaur Monk began the quest for the Orb.
     0 | D:1      | Reached XP level 1. HP: 19/19 MP: 0/0
   358 | D:1      | Reached XP level 2. HP: 27/27 MP: 1/1
   491 | D:1      | Reached skill level 1 in Armour
   668 | D:1      | Reached skill level 4 in Fighting
   918 | D:2      | Reached XP level 3. HP: 25/33 MP: 2/2
  1599 | D:2      | Reached XP level 4. HP: 41/41 MP: 3/3
  2232 | D:3      | Reached XP level 5. HP: 47/47 MP: 4/4
  2963 | D:4      | Noticed Grinder
  2988 | D:4      | Killed Grinder
  2989 | D:4      | Reached skill level 5 in Fighting
  2989 | D:4      | Reached XP level 6. HP: 33/56 MP: 5/5
  3144 | D:4      | Reached skill level 5 in Dodging
  3144 | D:4      | Reached skill level 5 in Unarmed Combat
  3488 | D:4      | Noticed Edmund
  3518 | D:4      | Reached XP level 7. HP: 59/61 MP: 6/6
  3555 | D:4      | Reached skill level 1 in Evocations
  3760 | D:5      | Entered Level 5 of the Dungeon
  3771 | D:5      | Reached skill level 1 in Throwing
  4386 | D:5      | Reached skill level 6 in Fighting
  4589 | D:5      | Found a shadowy altar of Dithmenos.
  4593 | D:5      | Found a snail-covered altar of Cheibriados.
  4601 | D:5      | Became a worshipper of Cheibriados the Contemplative
  4601 | D:5      | Reached * piety under Cheibriados
  4601 | D:5      | Reached ** piety under Cheibriados
  4607 | D:5      | Found an ancient bone altar of Kikubaaqudgha.
  4620 | D:5      | Found a glowing silver altar of Zin.
  4623 | D:5      | Found a radiant altar of Vehumet.
  4686 | D:5      | Got a faintly glowing long sword
  4697 | D:5      | Identified the +2 long sword of Extremism {venom, Will++
                  | Str-5} (You found it on level 5 of the Dungeon)
  5041 | D:3      | Reached XP level 8. HP: 38/70 MP: 7/7
  5448 | D:5      | Reached skill level 1 in Maces & Flails
  5448 | D:5      | Reached skill level 1 in Invocations
  5495 | D:6      | Found a glowing golden altar of the Shining One.
  5548 | D:6      | Found a broken altar of Ashenzari.
  5694 | D:6      | Learned a level 3 spell: Frozen Ramparts
  6060 | D:6      | Reached skill level 1 in Ice Magic
  6418 | D:6      | Reached skill level 1 in Spellcasting
  6421 | D:6      | Learned a level 1 spell: Freeze
  6905 | D:7      | Found Afforhex's General Store.
  7168 | D:7      | Reached *** piety under Cheibriados
  7168 | D:7      | HP: 2/70 [gnoll sergeant/+0 spear (2)]
  7169 | D:7      | Mangled by a gnoll

Illustrated notes

Levels and vault maps discovered:
D:1:      lemuel_arrival_muddy, layout_loops_corners, amethyst_killhole
D:2:      layout_loops_ring, hangedman_abyss_or_decor_lesser_grid
D:3:      layout_loops_ring, serial_glass, glass_columns_a, glass_columns_b,
          serial_bayou_pond_d
D:4:      layout_basic, kennysheep_small_circle, uniq_pikel, uniq_grinder,
          uniq_edmund
D:5:      layout_rooms, minmay_overflow_temple_star_hex, dk_noncrumbling_2,
          minmay_between
D:6:      layout_loops_ring, ashenzari_conservatory_becter, tso_metal_star
D:7:      layout_rooms, minmay_temple_entry_ruins,
          gammafunk_ghost_gnarly_gnolls, serial_shops,
          nicolae_shop_behind_doors, shop, uniq_prince_ribbit1

Skill      XL: |  1  2  3  4  5  6  7  8 |
---------------+-------------------------+-----
Armour         | 1 2 3 4 |  4.7
Fighting       | 4 5 6 |  6.1
Dodging        | 4 5 |  5.7
Unarmed Combat | 4 5 |  5.7
Evocations     | 2 3 |  3.0
Throwing       | 2 3 |  3.3
Maces & Flails | 4 |  4.5
Invocations    | 2 |  2.5
Ice Magic      | 1 |  1.5
Spellcasting   | 1 |  1.3
Stealth        | |  1.5

Action                   |  1- 3 |  4- 6 |  7- 9 || total
-------------------------+-------+-------+-------++-------
Melee: Unarmed           |    87 |   126 |   101 ||   314
       Headbutt          |    14 |    21 |    41 ||    76
       Punch             |     1 |       |     8 ||     9
       Flail             |       |       |    84 ||    84
Throw: Dart              |       |    16 |       ||    16
       Boomerang         |       |       |    19 ||    19
  Use: Scroll            |       |       |     6 ||     6
 Stab: Sleeping          |     4 |     1 |     5 ||    10
       Distracted        |       |       |     1 ||     1
Armor: Robe              |    15 |       |       ||    15
       Leather armour    |     1 |    26 |    30 ||    57
Dodge: Dodged            |    58 |    83 |   128 ||   269
